Map: Frost LE

Players

llllllllllll - Winner!

  • Race: Protoss Protoss
  • League: Diamond

Legendary

  • Race: Terran Terran
  • League: Diamond

VOD

Have the link to the VOD?

Description

Time

  • Played on: Sept. 26, 2016, 12:21 a.m.
  • Length: 20:56
Show
View Real Time Build Order
Export as new Build Order

llllllllllll Protoss - Winner!

Build Orders: Cannon Rush 

Get SALT Encoding   

  12  0:01  Probe (Chrono Boost)  
  13  0:12  Probe (Chrono Boost)  
  14  0:18  Pylon  
  14  0:24  Probe (Chrono Boost)  
  15  0:36  Probe (Chrono Boost)  
  16  0:47  Probe (Chrono Boost)  
  16  0:48  Forge  
  17  0:56  Pylon  
  17  1:15  Pylon  
  17  1:16  Pylon  
  17  1:23  Photon Cannon  
  16  1:36  Pylon  
  16  1:42  Photon Cannon  
  15  1:52  Photon Cannon  
  15  2:07  Probe (Chrono Boost)  
  15  2:19  Nexus  
  15  2:22  Probe (Chrono Boost)  
  16  2:34  Assimilator  
  16  2:39  Gateway  
  16  2:51  Probe (Chrono Boost)  
  17  3:01  Probe (Chrono Boost)  
  17  3:02  Assimilator  
  17  3:05  Pylon  
  18  3:12  Probe (Chrono Boost)  
  19  3:22  Probe (Chrono Boost)  
  19  3:25  Photon Cannon  
  20  3:33  Probe (Chrono Boost)  
  21  3:35  Cybernetics Core  
  21  3:43  Probe (Chrono Boost)  
  22  3:53  Probe (Chrono Boost)  
  22  3:54  Probe (Chrono Boost)  
  24  4:03  Probe (Chrono Boost)  
  24  4:05  Gateway  
  24  4:08  Probe (Chrono Boost)  
  26  4:11  Adept  
  26  4:14  Probe (Chrono Boost)  
  29  4:24  Probe (Chrono Boost)  
  29  4:31  Stargate  
  30  4:35  Probe (Chrono Boost)  
  30  4:36  Probe (Chrono Boost)  
  30  4:38  Assimilator  
  32  4:41  Adept  
  33  5:04  Adept  
  33  5:05  Adept  
  36  5:07  Probe x2 (Chrono Boost)  
  36  5:14  Oracle  
  39  5:18  Probe (Chrono Boost)  
  39  5:19  Probe (Chrono Boost)  
  39  5:20  Pylon  
  45  5:28  Probe (Chrono Boost)  
  45  5:31  Probe (Chrono Boost)  
  46  5:39  Probe (Chrono Boost)  
  48  5:43  Probe (Chrono Boost)  
  48  5:49  Stargate, Oracle, Probe (Chrono Boost)  
  49  5:51  Stargate  
  49  5:55  Probe (Chrono Boost)  
  53  5:57  Assimilator  
  53  6:00  Probe (Chrono Boost)  
  52  6:54  Oracle x2  
  46  6:56  Probe (Chrono Boost)  
  53  7:06  Pylon, Probe (Chrono Boost)  
  53  7:08  Pylon  
  54  7:11  Pylon  
  54  7:18  Photon Cannon  
  54  7:20  Pylon  
  54  7:21  Photon Cannon  
  54  7:23  Pylon, Oracle  
  54  7:24  Photon Cannon  
  54  7:26  Oracle x2  
  57  7:34  Nexus  
  57  7:35  Pylon  
  65  7:37  Mothership Core (Chrono Boost)  
  65  7:57  Photon Cannon  
  65  7:58  Photon Cannon  
  65  7:59  Oracle x2  
  71  8:16  Oracle  
  74  8:24  Probe x2 (Chrono Boost)  
  73  8:36  Probe (Chrono Boost)  
  74  9:09  Void Ray x2  
  76  9:10  Probe (Chrono Boost)  
  76  9:11  Probe (Chrono Boost)  
  76  9:12  Pylon  
  76  9:13  Pylon  
  76  9:15  Void Ray  
  82  9:23  Probe x2 (Chrono Boost)  
  84  9:28  Photon Cannon  
  84  9:30  Photon Cannon  
  84  9:33  Photon Cannon x2  
  84  9:35  Probe x2 (Chrono Boost)  
  86  9:50  Void Ray  
  90  10:05  Probe x2 (Chrono Boost)  
  92  10:10  Assimilator  
  92  10:14  Assimilator  
  92  10:17  Probe x2 (Chrono Boost), Void Ray  
  100  10:29  Probe x2 (Chrono Boost), Void Ray  
  104  10:41  Probe x2 (Chrono Boost)  
  106  10:53  Probe x2 (Chrono Boost)  
  110  11:05  Probe x2 (Chrono Boost)  
  110  11:08  Void Ray x2  
  107  11:17  Probe x2 (Chrono Boost)  
  117  11:29  Probe x2 (Chrono Boost)  
  120  11:41  Probe x2 (Chrono Boost)  
  115  11:52  Void Ray x2  
  112  11:58  Void Ray  
  124  12:16  Nexus  
  124  12:18  Pylon  
  124  12:26  Pylon  
  124  12:28  Pylon  
  124  12:31  Void Ray  
  128  12:40  Pylon  
  128  12:43  Twilight Council  
  128  12:46  Gateway  
  128  12:47  Gateway  
  128  12:50  Gateway  
  128  12:53  Gateway  
  128  12:55  Gateway  
  128  12:57  Gateway  
  128  12:59  Gateway  
  128  13:04  Pylon  
  113  13:48  Blink  
  113  13:52  Templar Archives  
  113  13:54  Dark Shrine  
  113  13:58  Adept x2  
  113  13:59  Adept x5  
  127  14:07  Photon Cannon  
  127  14:09  Photon Cannon  
  127  14:11  Photon Cannon  
  127  14:12  Pylon  
  127  14:15  Pylon  
  127  14:16  Photon Cannon  
  127  14:21  Pylon  
  127  14:24  Pylon  
  127  14:25  Photon Cannon  
  127  14:29  Assimilator  
  141  14:32  Assimilator  
  141  14:33  Psionic Storm  
  135  14:40  High Templar x5  
  135  14:41  High Templar x2  
  130  15:19  High Templar x4  
  130  15:20  Stalker x2, High Templar  
  143  16:16  Cybernetics Core  
  140  16:36  Nexus  
  136  16:41  Dark Templar x5  
  136  16:42  Dark Templar  
  148  16:50  Dark Templar  
  126  17:47  Stalker  
  124  18:00  Probe (Chrono Boost)  
  125  18:17  Probe (Chrono Boost)  
  125  18:19  Nexus  
  125  18:20  Pylon  
  125  18:21  Pylon  
  125  18:23  Pylon  
  125  18:25  Pylon  
  125  18:26  Pylon  
  125  18:28  Photon Cannon  
  125  18:29  Photon Cannon  
  125  18:33  Robotics Facility  
  125  18:35  Nexus  
  125  18:37  Pylon, Stalker  
  125  18:38  Stalker x2, Probe (Chrono Boost)  
  125  18:39  Stalker  
  129  19:08  Pylon  
  128  19:10  Pylon  
  128  19:17  Stalker x6  
  128  19:18  Stalker  
  134  19:47  Stalker x7  
  134  19:49  Probe (Chrono Boost)  
  134  19:51  Probe (Chrono Boost)  
  151  20:00  Probe (Chrono Boost)  
  151  20:02  Probe (Chrono Boost)  
  152  20:10  Probe (Chrono Boost)  
  152  20:12  Probe (Chrono Boost)  
  154  20:17  Stalker x2  
  154  20:21  Probe (Chrono Boost)  
  159  20:23  Probe (Chrono Boost)  
  160  20:31  Probe (Chrono Boost), Nexus  
  160  20:33  Probe (Chrono Boost)  
Show
View Real Time Build Order
Export as new Build Order

Legendary Terran 

Build Orders:  

Get SALT Encoding   

  12  0:01  SCV  
  13  0:13  SCV  
  14  0:17  Supply Depot  
  14  0:25  SCV  
  15  0:34  Refinery  
  15  0:39  SCV  
  16  0:46  Barracks  
  16  0:51  SCV  
  17  1:03  SCV  
  18  1:15  SCV  
  19  2:07  Orbital Command  
  19  2:08  Marine  
  18  2:11  Barracks  
  19  2:27  Marine  
  20  2:38  Bunker  
  20  2:39  SCV  
  21  2:46  Marine  
  22  2:51  SCV  
  23  3:04  Supply Depot  
  23  3:20  Marine  
  23  3:25  SCV, Marine  
  25  3:28  Command Center  
  25  3:38  SCV  
  26  3:47  Marine x2  
  28  3:52  Factory  
  28  3:53  SCV  
  29  4:04  Refinery  
  29  4:05  SCV, Marine  
  29  4:09  Supply Depot  
  31  4:24  Barracks Tech Lab, Barracks Reactor  
  32  4:31  SCV  
  32  4:35  Supply Depot  
  32  4:43  SCV  
  30  5:03  SCV  
  30  5:05  Factory Reactor  
  31  5:08  Starport  
  31  5:09  Marine x3  
  31  5:10  Stimpack  
  35  5:15  Orbital Command  
  35  5:19  SCV  
  35  5:25  Command Center  
  35  5:26  Marine  
  35  5:27  Marauder  
  38  5:31  SCV  
  38  5:34  Engineering Bay  
  38  5:35  Factory Reactor  
  39  5:40  Marine  
  40  5:43  SCV  
  40  5:48  SCV  
  42  5:57  SCV  
  43  6:05  Missile Turret  
  43  6:12  Missile Turret  
  43  6:15  Missile Turret  
  43  6:19  SCV  
  43  6:21  Missile Turret  
  40  6:53  SCV  
  39  6:57  Medivac x2  
  39  7:00  SCV, Terran Infantry Weapons Level 1  
  44  7:02  Marine x2  
  46  7:09  Orbital Command  
  46  7:10  SCV  
  46  7:12  SCV  
  48  7:18  Marauder  
  48  7:20  Marine  
  51  7:23  Barracks  
  51  7:24  Barracks, SCV  
  52  7:36  Marine  
  53  7:38  SCV, Marine  
  53  7:39  Marine  
  53  7:42  Engineering Bay  
  56  7:50  SCV x2  
  58  7:53  Medivac  
  58  7:54  Factory Reactor, Refinery, Medivac  
  58  7:55  Marine  
  58  7:56  Refinery  
  58  7:57  Marauder  
  65  8:01  SCV  
  65  8:03  Armory  
  65  8:05  SCV x2  
  68  8:08  Missile Turret  
  68  8:18  Marauder  
  47  8:48  Marine x3  
  46  8:49  Marauder  
  50  8:55  Liberator x2  
  50  8:57  SCV x2  
  50  9:06  Marine x3  
  50  9:08  Missile Turret  
  53  9:10  Terran Infantry Armor Level 1, Missile Turret, Marauder, Terran Infantry Weapons Level 2  
  61  9:22  Missile Turret  
  61  9:26  Missile Turret  
  61  9:36  Missile Turret  
  61  9:37  Orbital Command  
  61  9:42  Supply Depot, SCV  
  61  9:46  Marine  
  61  9:47  SCV, Liberator  
  61  9:49  Marine x2  
  61  9:50  Widow Mine, Marine  
  60  9:54  SCV  
  61  10:04  SCV, Marine  
  61  10:07  SCV x2, Marine  
  67  10:09  Missile Turret  
  67  10:10  Supply Depot, Orbital Command  
  67  10:11  Missile Turret  
  67  10:13  Supply Depot  
  67  10:14  Supply Depot  
  69  10:21  Supply Depot  
  69  10:25  SCV  
  69  10:26  Marine  
  69  10:27  SCV  
  69  10:32  Marauder  
  71  10:37  SCV  
  71  10:38  SCV  
  71  10:41  SCV  
  74  10:47  Barracks Reactor  
  74  10:49  Marine x2  
  75  10:51  Missile Turret  
  75  10:53  Marine  
  75  11:16  Marine x3  
  78  11:26  Marine x2  
  80  11:34  Barracks, Marauder, Marine x2  
  80  11:35  Barracks  
  80  11:36  Barracks  
  84  11:40  Supply Depot  
  84  11:42  Orbital Command  
  84  11:44  Marine x2  
  63  11:54  Marine x2  
  63  11:55  Marine  
  66  12:02  Marine x2  
  66  12:03  Orbital Command  
  68  12:14  Marauder  
  70  12:16  Supply Depot  
  70  12:17  Marine x2  
  70  12:19  Marine  
  70  12:20  Marine  
  74  12:35  Marauder  
  74  12:36  Missile Turret, Marine  
  78  12:37  Marine x2, Barracks Reactor  
  79  12:56  Marauder  
  79  12:58  Combat Shields  
  83  12:59  SCV x3  
  82  13:18  Marauder  
  82  13:19  Marine  
  83  13:29  Liberator x2  
  83  13:37  Marine  
  83  13:38  Engineering Bay  
  83  13:39  Marauder  
  83  13:40  Engineering Bay  
  86  13:45  Armory x2, Engineering Bay  
  86  13:46  SCV x2, Engineering Bay  
  86  13:47  Widow Mine x2  
  98  13:50  Barracks Reactor  
  98  13:51  Barracks Reactor x2  
  98  13:55  Marine  
  98  13:56  SCV  
  98  13:58  SCV  
  98  14:01  Marauder  
  102  14:13  Marine  
  102  14:15  SCV x3  
  106  14:21  Missile Turret  
  106  14:24  Missile Turret  
  106  14:25  Widow Mine x2  
  110  14:34  Missile Turret  
  110  14:39  SCV x3, Marine  
  110  14:40  Marauder, Marine  
  103  15:10  Marine x2  
  103  15:11  Marine  
  102  15:14  Marine  
  102  15:21  Marine  
  102  15:25  Marauder  
  102  15:31  Marine x2  
  99  15:48  Command Center  
  97  16:28  Terran Infantry Weapons Level 3, Orbital Command, Terran Infantry Armor Level 2  
  97  16:30  Supply Depot  
  97  16:32  Supply Depot  
  52  17:50  Marine x2  
  30  17:52  Missile Turret  
  30  17:53  Refinery  
  30  17:54  Refinery  
  30  17:59  SCV  
  30  18:03  Orbital Command  
  31  18:05  Barracks  
  31  18:21  Barracks  
  31  18:36  Widow Mine x2  
  31  18:37  Medivac x2  
  31  18:38  SCV  
  40  18:49  Marine x2  
  40  18:50  SCV  
  40  18:54  SCV  
  40  19:07  Marine x2  
  40  19:14  Orbital Command  
  35  19:42  Barracks Reactor x2  
  35  19:44  Marine x2  
  37  19:59  SCV  
  36  20:01  Marine  
  36  20:02  Orbital Command, Marine  
  38  20:10  SCV  
  40  20:19  Marine x2  
  39  20:23  SCV  
  38  20:37  Marine  
Tags
 
Add a new tag
Caveats
  • Supply blocks, unpowered buildings, or Contaminate may cause inaccurate times.
  • Supply counts are checked every 10 seconds.